 Dungeon Crawl Stone Soup version 0.26-a0-651-gb41185065b (webtiles) character file.

Game seed: 10584639679115739680

(classic levelgen) 18 EnegeticOcto the Covered (level 2, 24/27 HPs)
             Began as a Deep Dwarf Fighter on Oct 13, 2020.
             Was a Follower of Sif Muna.
             Quit the game on level 2 of the Dungeon.
             The game lasted 00:00:22 (332 turns).

EnegeticOcto the Covered (Deep Dwarf Fighter)        Turns: 332, Time: 00:00:23

Health: 24/27      AC:  6    Str: 19    XL:     2   Next: 51%
Magic:  2/2        EV:  7    Int:  8    God:    Sif Muna [*.....]
Gold:   30         SH:  9    Dex: 12    Spells: 1/1 levels left

rFire    . . .     SeeInvis .   a - +0 war axe
rCold    . . .     Faith    .   c - +0 kite shield
rNeg     . . .     Spirit   .   b - +0 scale mail
rPois    .         Reflect  .   (no helmet)
rElec    .         Harm     .   (no cloak)
rCorr    .         Rampage  .   (no gloves)
MR       .....                  (no boots)
Stlth    ..........             (no amulet)
HPRegen  0.00/turn              (no ring)
MPRegen  0.08/turn              (no ring)

@: non-regenerating
A: damage resistance, heal wounds, sense surroundings 1, no regeneration
a: Heal Wounds, Channel Magic, Renounce Religion


You were on level 2 of the Dungeon.
You worshipped Sif Muna.
Sif Muna was aware of your devotion.
You visited 1 branch of the dungeon, and saw 2 of its levels.

You collected 30 gold pieces.

Inventory:

Hand Weapons
 a - a +0 war axe (weapon)
Armour
 b - a +0 scale mail (worn)
 c - a +0 kite shield (worn)
Scrolls
 e - a scroll of noise {unknown}
 f - a scroll of immolation {unknown}
 i - a scroll of enchant armour {unknown}
 j - a scroll of identify {unknown}
Potions
 d - a potion of might {@q3}
 g - a potion of berserk rage {unknown}
 h - a potion of curing {unknown}


   Skills:
 + Level 2.9 Fighting
 * Level 2.8 Axes
 + Level 3.5 Armour
 + Level 3.5 Shields


You had one spell level left.
You didn't know any spells.
Your spell library was empty.

Dungeon Overview and Level Annotations

Branches:
Dungeon (2/15)

Altars:
Dithmenos
Elyvilon
Fedhas
Sif Muna
Vehumet


Innate Abilities, Weirdness & Mutations

You are resistant to damage.
You can heal yourself by infusing magical energy.
You passively map a small area around you.
You do not regenerate.


Message History

The jackal barks!
Found a stone staircase leading down.
You block the leopard gecko's attack.
You slash the leopard gecko!
You kill the leopard gecko!
The jackal bites you but does no damage.
You hit the jackal.
The jackal is lightly wounded.
The jackal bites you but does no damage. x2
You miss the jackal.
The jackal is lightly wounded.
The jackal bites you but does no damage.
The jackal barely misses you.
You slash the jackal!
You kill the jackal!
No target in view!
No target in view!
No target in view!
No target in view!
No target in view!
No target in view!
No target in view!
No target in view!
No target in view!
No target in view!
No target in view!
No target in view!
No target in view!
No target in view!
No target in view!
No target in view!
No target in view!
(D) Dungeon
Where to? (Enter - D:2, ? - help)
Things that are here:
a jackal corpse; a leopard gecko corpse A rat comes into view.
A rat is nearby!
A rat is nearby!
A rat is nearby!
The rat bites you but does no damage.
A jackal comes into view.
The jackal barks!
You hit the rat.
You kill the rat!
No target in view!
No target in view!
No target in view!
No target in view!
The jackal bites you.
Found a scroll labeled XERENG FUMOANN.
You hit the jackal.
The jackal is severely wounded.
The jackal bites you. x2
You hit the jackal but do no damage.
The jackal is severely wounded.
The jackal bites you but does no damage.
You block the jackal's attack.
You slash the jackal!
You kill the jackal!
No target in view!
No target in view!
No target in view!
No target in view!
No target in view!
No target in view!
No target in view!
No target in view!
No target in view!
No target in view!
No target in view!
No target in view!
No target in view!
No target in view!
No target in view!
There is a stone staircase leading down here.
j - a scroll labeled XERENG FUMOANN
Press: ? - help, . - travel You can't see that place. [a faded altar of an unknown god.]
Things that are here:
a jackal corpse; a leopard gecko corpse You see here a frilled lizard corpse.
There is an open door here.
There is a faded altar of an unknown god here.
You cannot tell which god this altar belongs to.
Convert to them anyway?
Okay, then.
You cannot tell which god this altar belongs to.
Convert to them anyway?
Sif Muna accepts your prayer! Sif Muna welcomes you!
You can now call upon Sif Muna for magical energy.
(D) Dungeon
Where to? (Enter - D:2 @ (x,y), ? - help)
There is an open door here.
You see here a frilled lizard corpse.
Things that are here:
a jackal corpse; a leopard gecko corpse A jackal comes into view.
A jackal is nearby!
Are you sure you want to abandon this character and quit the game? (Confirm with "yes".)

#######...####
#.#.###.##
#........##
##.#.###.#
#........#
####..#..#..#
#........#
###.....##...##
#........#
#...#.#####.##,
#........#
#.....# *,#_#,
#........#
##...### * ###
#........###..>.#
,
#####†#####@..#.#
* * ,
#.####...#h...# ,
##.#..†.#†..#.##
,
#..#.####.......
#.#..#
#.###.##..,
#....## *..., ...
# , #..### ...
*,## #### .### ,
, ,


You could see a jackal.

Vanquished Creatures
  A dart slug (D:2)
  A leopard gecko (D:2)
  3 bats
  A goblin (D:2)
  2 jackals (D:2)
  A kobold (D:1)
  A quokka (D:2)
  3 frilled lizards
  3 rats
16 creatures vanquished.

Notes
Turn   | Place    | Note
-------+----------+-------------------------------------------
     0 | D:1      | EnegeticOcto the Deep Dwarf Fighter began the quest for the
                  | Orb.
     0 | D:1      | Reached XP level 1. HP: 20/20 MP: 1/1
   133 | D:2      | Reached XP level 2. HP: 24/27 MP: 2/2
   178 | D:2      | Found a faded altar of an unknown god.
   178 | D:2      | Found a shadowy altar of Dithmenos.
   184 | D:2      | Found a blossoming altar of Fedhas.
   186 | D:2      | Found a white marble altar of Elyvilon.
   188 | D:2      | Found a radiant altar of Vehumet.
   296 | D:2      | Became a worshipper of Sif Muna the Loreminder
   296 | D:2      | Reached * piety under Sif Muna
   332 | D:2      | Quit the game

Illustrated notes

Levels and vault maps discovered:
D:1:      dpeg_arrival_round_a, layout_loops_ring
D:2:      layout_rooms, chequers_temple_overflow_minitemple

Action                   || total
-------------------------++-------
Melee: War axe           ||    39
Armor: Scale mail        ||    22
Dodge: Dodged            ||    18
Block: Kite shield       ||    24

Table legend: (Time is in decaauts)
 A = Elapsed time spent in this place.
 B = Non-inter-level travel time spent in this place.
 C = Inter-level travel time spent in this place.
 D = Time resting spent in this place.
 E = Time spent auto-exploring this place.
 F = Levels seen in this place.
 G = Mean time per level.
                   A        B        C        D        E       F      G
               +--------+--------+--------+--------+--------+-----+--------+
         Total |    350 |    264 |     86 |      0 |    167 |   2 |  175.0 |
       Dungeon |    350 |    264 |     86 |      0 |    167 |   2 |  175.0 |
               +--------+--------+--------+--------+--------+-----+--------+

Top non-repeatable levels by time:
     D:2: 215 daAuts
     D:1: 135 daAuts
